 Dungeon Crawl Stone Soup version 0.24.1 (webtiles) character file.

Game seed: 12136280739569904210, levelgen mode: deterministic

224 Peloso the Shield-Bearer (level 5, -2/47 HPs)
             Began as a Minotaur Fighter on Apr 5, 2020.
             Killed from afar by Sigmund (10 damage)
             ... with a magic dart
             ... on level 3 of the Dungeon.
             The game lasted 00:07:40 (1533 turns).

Peloso the Shield-Bearer (Minotaur Fighter)         Turns: 1533, Time: 00:07:40

Health: -2/47      AC:  9    Str: 18 (20) XL:     5   Next: 67%
Magic:  4/4        EV:  5    Int:  3 (5)  God:
Gold:   152        SH:  9    Dex: 11      Spells: 4/4 levels left

rFire    . . .     SeeInvis .   a - +0 long sword
rCold    . . .     Gourm    .   c - +0 shield
rNeg     . . .     Faith    .   l - +0 chain mail
rPois    .         Spirit   .   (helmet restricted)
rElec    .         Reflect  .   (no cloak)
rCorr    .         Harm     .   (no gloves)
MR       .....                  (no boots)
Stlth    ..........             (no amulet)
HPRegen  0.15/turn              (no ring)
MPRegen  0.09/turn              (no ring)

@: no status effects
A: retaliatory headbutt, horns 2
a: no special abilities


You were on level 3 of the Dungeon.
You were not hungry.

You visited 1 branch of the dungeon, and saw 3 of its levels.
You also visited: Sewer.

You collected 152 gold pieces.

Inventory:

Hand Weapons
 a - a +0 long sword (weapon)
 b - the +8 great mace of Abomination {freeze, rC+}
   (You found it in a sewer)

   It has been specially enchanted to freeze those struck by it, causing extra
   injury to most foes and up to half again as much damage against particularly
   susceptible opponents.
   It can also slow down cold-blooded creatures.
   It protects you from cold.
Armour
 c - a +0 shield (worn)
 l - a +0 chain mail (worn)
Wands
 e - a wand of random effects (21)
Scrolls
 h - 3 scrolls of identify
 i - 3 scrolls of magic mapping {unknown}
 j - a scroll of immolation {unknown}
 k - a scroll of teleportation {unknown}
 o - a scroll of remove curse {unknown}
Potions
 d - a potion of might
 m - a potion of berserk rage
 n - a potion of heal wounds
Comestibles
 f - 2 rations


   Skills:
 + Level 4.6 Fighting
 + Level 4.6 Long Blades
 + Level 4.7 Armour
 + Level 1.1 Dodging
 + Level 4.8 Shields


You had 4 spell levels left.
You didn't know any spells.
Your spell library was empty.

Dungeon Overview and Level Annotations

Branches:
Dungeon (3/15)              Sewer (visited)

Altars:

Annotations:
D:3 Sigmund


Innate Abilities, Weirdness & Mutations

You reflexively headbutt those who attack you in melee.
You have a pair of horns on your head.


Message History

Reactivating autopickup.
Sigmund hits you but does no damage.
You closely miss Sigmund.
Sigmund is heavily wounded.
You block Sigmund's attack.
You hit Sigmund.
Sigmund is heavily wounded.
You closely miss Sigmund. Your headbutt misses Sigmund.
Sigmund is heavily wounded.
Sigmund gestures at you while chanting. The puff of flame hits you!
* * * LOW HITPOINT WARNING * * *
You hit Sigmund.
Sigmund is severely wounded.
Sigmund hits you but does no damage.
You slash Sigmund!
Sigmund is almost dead.
Sigmund gestures at you while chanting. The magic dart hits you!
You die...

#.................#######.
#.......###..........#####
#.....>.###.##.#..........
#...........##.###.##≈≈≈≈≈
#........#####.##..##≈≈≈≈≈
#........## #.#...≈≈.....
####.).#..# ......≈≈..[).
#)...#.# #.........)†.
..#....#@# ##.....≈≈.....
.......#@###......≈≈.....
....?.....##.....≈##≈≈)≈≈
#.................##≈≈.≈≈
#.##......##.............
#...................#.
#..#####.#........#...
####.....<............
#...................


You could see Sigmund.

Vanquished Creatures
  A crocodile (Sewer)
  Ijyb (D:3)
  3 adders
  A gnoll (D:2)
  2 oozes (D:1)
  A worm (D:3)
  A dart slug (D:1)
  4 leopard geckos
  A ball python (D:3)
  11 bats
  3 giant cockroaches
  11 goblins
  5 hobgoblins
  7 jackals (D:2)
  9 kobolds
  2 frilled lizards
  11 rats
74 creatures vanquished.

Notes
Turn   | Place    | Note
-------+----------+-------------------------------------------
     0 | D:1      | Peloso the Minotaur Fighter began the quest for the Orb.
     0 | D:1      | Reached XP level 1. HP: 19/19 MP: 0/0
    88 | D:1      | Reached XP level 2. HP: 27/27 MP: 1/1
   499 | D:1      | Reached XP level 3. HP: 33/33 MP: 2/2
   826 | D:2      | Reached XP level 4. HP: 29/40 MP: 3/3
  1150 | D:3      | Found a glowing drain.
  1181 | D:3      | Noticed Ijyb
  1199 | D:3      | Killed Ijyb
  1208 | D:3      | Reached XP level 5. HP: 25/47 MP: 4/4
  1222 | Sewer    | Entered a sewer
  1266 | Sewer    | Noticed a crocodile
  1280 | Sewer    | Killed a crocodile
  1280 | Sewer    | Reached skill level 1 in Dodging
  1309 | Sewer    | Got a crude great mace
  1310 | Sewer    | Identified the +8 great mace of Abomination {freeze, rC+}
                  | (You found it in a sewer)
  1494 | D:3      | Noticed Sigmund
  1533 | D:3      | Killed from afar by Sigmund

Levels and vault maps discovered:
D:1:      erik_arrival_gehennom, layout_basic
D:2:      layout_rooms, cheibrodos_gnoll_hut
D:3:      layout_rooms, cheibrodos_sewer_entry_sluice, kennysheep_nub,
          uniq_sigmund, uniq_ijyb

Skill      XL: |  1  2  3  4  5 |
---------------+----------------+-----
Shields        | 4 |  4.8
Fighting       | 4 |  4.6
Armour         | 4 |  4.7
Long Blades    | 3 4 |  4.6
Dodging        | 1 |  1.1

Action                   |  1- 3 |  4- 6 || total
-------------------------+-------+-------++-------
Melee: Long sword        |    92 |    95 ||   187
       Headbutt          |    15 |    16 ||    31
  Use: Potion            |       |     4 ||     4
       Scroll            |       |     2 ||     2
  Eat: Chunk             |       |     2 ||     2
Armor: Scale mail        |    49 |       ||    49
       Chain mail        |    20 |    88 ||   108
Dodge: Dodged            |    30 |    34 ||    64
Block: Shield            |    66 |    66 ||   132
       Rpst.: Long sword |     7 |     4 ||    11
